 Dungeon Crawl Stone Soup version 0.28-a0-751-gef3a642a4e (webtiles) character file.

Game seed: 17359310925754229247

4831 bande the Cleaver (level 10, -5/63 HPs)
             Began as a Gargoyle Fighter on Oct 31, 2021.
             Was an Initiate of Okawaru.
             Slain by a boulder beetle (41 damage)
             ... on level 8 of the Dungeon.
             The game lasted 00:17:00 (8196 turns).

bande the Cleaver (Gargoyle Fighter)                Turns: 8196, Time: 00:17:01

Health: -5/63      AC: 33    Str: 20      XL:     10   Next: 49%
Magic:  0/10       EV: 11    Int:  8 (12) God:    Okawaru [......]
Gold:   892        SH:  5    Dex:  5 (7)  Spells: 9/9 levels left

rFire   + + +      SeeInvis .   a - +1 war axe
rCold   . . .      Faith    .   c - +1 buckler
rNeg    + . .      Spirit   +   t - +8 plate armour of Sadduak {rF+++}
rPois   ∞          Reflect  .   l - +0 helmet
rElec   +          Harm     .   i - +2 cloak of Doekhoku {Regen+ Dex-4 Stlth+}
rCorr   .          Rampage  .   (no gloves)
Will    .....                   (no boots)
Stlth   ..........              j - amulet of guardian spirit
HPRegen 1.20/turn               b - +4 ring of evasion
MPRegen 0.12/turn               (no ring)

@: mighty, studying Shields
A: sickness immunity, AC +7, negative energy resistance 1, electricity
resistance, torment resistance 1, petrification resistance, clever 1, sturdy
frame 1
a: Renounce Religion


You were on level 8 of the Dungeon.
You worshipped Okawaru.
Okawaru was noncommittal.
You visited 1 branch of the dungeon, and saw 8 of its levels.
You also visited: Sewer, Ossuary and Bailey.

You collected 892 gold pieces.

Inventory:

Hand Weapons
 a - a +1 war axe (weapon)
 n - a +0 flail
Armour
 c - a +1 buckler (worn)
 i - the +2 cloak of Doekhoku (worn) {Regen+ Dex-4 Stlth+}
   (You acquired it on level 3 of the Dungeon)

   Dex:       It affects your dexterity (-4).
   Regen:     It increases your rate of health regeneration.
   Stlth:     It makes you more stealthy.
 l - a +0 helmet (worn)
 t - the +8 plate armour of Sadduak (worn) {rF+++}
   (You found it in a bailey)

   rF:        It renders you almost immune to fire.
 x - the +2 ring mail "Fuept" {Fly rN+++ rCorr Dex-5}
   (You found it on level 6 of the Dungeon)

   Dex:       It affects your dexterity (-5).
   rN:        It renders you almost immune to negative energy.
   Fly:       It grants you flight.
   rCorr:     It protects you from acid and corrosion.
Jewellery
 b - a +4 ring of evasion (left hand)
 j - an amulet of guardian spirit (around neck)
 q - a ring of ice
Wands
 g - a wand of polymorph (11)
 r - a wand of digging (5)
Scrolls
 e - 3 scrolls of enchant weapon
 f - 3 scrolls of enchant armour
 w - 4 scrolls of teleportation
 y - 3 scrolls of identify
Potions
 d - 4 potions of might
 h - 7 potions of haste
 k - 5 potions of invisibility
 m - a potion of magic
 p - 2 potions of curing
 u - a potion of berserk rage
Miscellaneous
 D - a lightning rod (inert)


   Skills:
 + Level 7.0 Fighting
 + Level 9.6 Axes
 + Level 7.5 Armour
 - Level 0.2 Dodging
 + Level 6.6 Shields
 * Level 4.9 Evocations


You had 9 spell levels left.
You didn't know any spells.
Your spell library contained the following spells:

 Spells                   Type           Power      Damage    Failure   Level
 Frozen Ramparts          Ice            0%         1d2       100%        3
 Ice Form                 Ice/Tmut       0%         N/A       100%        4
 Summon Ice Beast         Ice/Summ       Unusable   N/A       N/A         4

Dungeon Overview and Level Annotations

Branches:
Dungeon (8/15)             Temple (0/1) D:7           Sewer (visited)
Ossuary (visited)          Bailey (visited)
   Lair: D:8-11

Altars:
Ashenzari
Cheibriados
Elyvilon
Makhleb
Ru
Sif Muna
Uskayaw
Wu Jian
Xom
Yredelemnul
The Shining One

Shops:
D:6 (


Innate Abilities, Weirdness & Mutations

You are immune to sickness and miasma.
Your stone body is resilient. (AC +7)
You are immune to poison.
You resist negative energy. (rN+)
You are resistant to electric shocks. (rElec)
You are resistant to unholy torment.
You are immune to petrification.
Your mind is acute. (Int +2)
Your movements are slightly less encumbered by armour. (ER -2)


Message History

You slash the boulder beetle!
The boulder beetle is heavily wounded.
The boulder beetle barely misses you.
You hit the boulder beetle.
The boulder beetle is heavily wounded.
The boulder beetle bites you but does no damage.
You hit the boulder beetle but do no damage.
The boulder beetle is heavily wounded.
The boulder beetle bites you but does no damage.
You hit the boulder beetle but do no damage.
The boulder beetle is heavily wounded.
The boulder beetle bites you but does no damage.
You hit the boulder beetle but do no damage.
The boulder beetle is heavily wounded.
The boulder beetle completely misses you.
You hit the boulder beetle but do no damage.
The boulder beetle is heavily wounded.
The boulder beetle bites you but does no damage.
You hit the boulder beetle but do no damage.
The boulder beetle is heavily wounded.
The boulder beetle closely misses you.
You hit the boulder beetle but do no damage.
The boulder beetle is heavily wounded.
You block the boulder beetle's attack.
You hit the boulder beetle but do no damage.
The boulder beetle is heavily wounded.
The boulder beetle bites you but does no damage.
You completely miss the boulder beetle.
The boulder beetle is heavily wounded.
The boulder beetle bites you but does no damage.
You slice the boulder beetle!!
The boulder beetle is severely wounded.
The boulder beetle barely misses you.
You barely miss the boulder beetle.
The boulder beetle is severely wounded.
The boulder beetle leaps!
The boulder beetle curls into a ball and begins rolling!
The boulder beetle hits you!!!
Ouch! That really hurt!
You die...

##### #...# #...#
###############...#
#..................
##.############...#
#@# ##### #B# #○#
#.####### #.....§§#
#######§# #§# #§#
#§#


You could see a boulder beetle (rolling).

Vanquished Creatures
  2 orc knights (Bailey)
  A hornet (D:7)
  A wyvern (D:7)
  A steam dragon (D:7)
  Eustachio (D:6)
  Menkaure (D:7)
  2 water moccasins
  2 ice beasts
  A sky beast (D:5)
  3 ogres
  An orc warrior (Bailey)
  A black bear (D:5)
  A phantom (D:6)
  A centaur (D:8)
  Blork the orc (D:6)
  6 kobold brigands (Sewer)
  A bullfrog (D:5)
  An elf zombie (Ossuary)
  3 scorpions
  A wyvern skeleton (D:7)
  4 wights (D:7)
  2 howler monkeys
  A crimson imp (D:6)
  2 centaur zombies
  A hound (D:5)
  An iron imp (D:6)
  2 jellies
  A bullfrog skeleton (D:6)
  A centaur skeleton (D:6)
  3 orc priests
  Crazy Yiuf (D:3)
  An iguana (D:6)
  A killer bee zombie (D:5)
  3 hound zombies
  4 mummies (Ossuary)
  A hound skeleton (D:4)
  9 adders
  A white imp (D:6)
  An adder zombie (Ossuary)
  3 worms (D:3)
  A dart slug (D:4)
  18 orcs
  9 bats
  4 endoplasms
  4 giant cockroaches
  11 goblins
  5 hobgoblins
  11 jackals
  4 quokkas
  5 ball pythons
  5 frilled lizards
  A goblin zombie (Ossuary)
  2 hobgoblin zombies (Ossuary)
  22 kobolds
  A kobold zombie (Ossuary)
  4 orc zombies (Ossuary)
  6 rats
188 creatures vanquished.

Vanquished Creatures (others)
  A ball python (D:3)
  3 plants
4 creatures vanquished.

Grand Total: 192 creatures vanquished

Notes
Turn   | Place    | Note
-------+----------+-------------------------------------------
     0 | D:1      | bande the Gargoyle Fighter began the quest for the Orb.
     0 | D:1      | Reached XP level 1. HP: 14/14 MP: 1/1
   243 | D:1      | Reached skill level 2 in Axes
   243 | D:1      | Reached XP level 2. HP: 19/19 MP: 2/2
  1190 | D:2      | Reached XP level 3. HP: 15/23 MP: 3/3
  2229 | D:3      | Identified a scroll of acquirement
  2229 | D:3      | Acquired the +2 cloak of Doekhoku {Regen+ Dex-4 Stlth+}
  2279 | D:3      | Reached XP level 4. HP: 26/29 MP: 4/4
  2296 | D:3      | Reached skill level 3 in Axes
  2326 | D:3      | Reached XP level 5. HP: 33/33 MP: 5/5
  2370 | D:3      | Found a white marble altar of Elyvilon.
  2437 | D:3      | Found a hide-covered altar of Uskayaw.
  2458 | D:3      | Found a glowing drain.
  2478 | Sewer    | Entered a sewer
  2500 | Sewer    | Noticed a kobold brigand
  2500 | Sewer    | Noticed a kobold brigand
  2500 | Sewer    | Noticed a kobold brigand
  2510 | Sewer    | Killed a kobold brigand
  2511 | Sewer    | Reached skill level 4 in Axes
  2516 | Sewer    | Killed a kobold brigand
  2517 | Sewer    | Reached XP level 6. HP: 30/38 MP: 3/6
  2629 | Sewer    | Reached skill level 5 in Axes
  2638 | Sewer    | Reached XP level 7. HP: 38/44 MP: 5/7
  3385 | D:3      | Found a faded altar of an unknown god.
  3443 | D:3      | Found a runed translucent door.
  3444 | D:3      | Noticed Crazy Yiuf
  3788 | D:3      | Killed Crazy Yiuf
  3858 | D:4      | Gained mutation: Your body sometimes deteriorates upon
                  | taking damage. [potion of mutation]
  3858 | D:4      | Gained mutation: Your muscles are strong. (Str +2) [potion
                  | of mutation]
  4007 | D:4      | Reached skill level 5 in Armour
  4046 | D:4      | Reached skill level 6 in Axes
  4267 | D:4      | Found a basalt altar of Yredelemnul.
  4269 | D:4      | Noticed a profane servitor
  4278 | D:4      | Found a glowing golden altar of the Shining One.
  4281 | D:4      | Noticed an angel
  4321 | D:4      | Reached XP level 8. HP: 48/48 MP: 6/8
  4484 | D:4      | Found a sacrificial altar of Ru.
  4620 | D:4      | Found a broken altar of Ashenzari.
  4624 | D:4      | Saw a vision of the Swamp and the Snake Pit.
  4624 | D:4      | Noticed a black mamba
  4624 | D:4      | Noticed a naga sharpshooter
  4624 | D:4      | Noticed a black mamba
  4624 | D:4      | Noticed a mana viper
  4624 | D:4      | Noticed a black mamba
  4624 | D:4      | Noticed a black mamba
  4625 | D:4      | Noticed a naga mage
  4625 | D:4      | Noticed a shock serpent
  4626 | D:4      | Noticed a naga mage
  4792 | D:5      | Entered Level 5 of the Dungeon
  4810 | D:5      | Reached skill level 5 in Fighting
  4824 | D:5      | Reached skill level 1 in Evocations
  4898 | D:5      | Found an ornate altar of the Wu Jian Council.
  5422 | D:5      | Found a shimmering blue altar of Sif Muna.
  5598 | D:6      | Reached skill level 7 in Axes
  5646 | D:6      | Reached skill level 5 in Shields
  5731 | D:6      | Noticed Eustachio
  5768 | D:6      | Killed Eustachio
  5769 | D:6      | Reached XP level 9. HP: 54/54 MP: 5/9
  5846 | D:6      | Found a snail-covered altar of Cheibriados.
  6024 | D:6      | Noticed Blork the orc
  6035 | D:6      | Killed Blork the orc
  6137 | D:6      | Found a burning altar of Makhleb.
  6137 | D:6      | Found a shimmering altar of Xom.
  6235 | D:6      | Identified the +2 ring mail "Fuept" {Fly rN+++ rCorr Dex-5}
  6375 | D:6      | Found Ofaelese's Antique Weapon Shop.
  6419 | D:6      | Reached skill level 8 in Axes
  6551 | D:7      | Acquired a manual of Shields
  6681 | D:7      | Noticed Menkaure
  6691 | D:7      | Killed Menkaure
  6754 | D:7      | Found a sand-covered staircase.
  6761 | Ossuary  | Entered an ossuary
  6971 | D:7      | Found a flagged portal.
  7011 | Bailey   | Entered a bailey
  7200 | Bailey   | Reached XP level 10. HP: 58/61 MP: 7/10
  7340 | Bailey   | Noticed an orc knight
  7340 | Bailey   | Noticed an orc knight
  7390 | Bailey   | Killed an orc knight
  7391 | Bailey   | Reached skill level 9 in Axes
  7463 | Bailey   | Killed an orc knight
  7535 | Bailey   | Found an iron altar of Okawaru.
  7552 | Bailey   | Identified the +8 plate armour of Sadduak {rF+++}
  7571 | Bailey   | Became a worshipper of Warmaster Okawaru
  7893 | D:7      | Found the +3 Elemental Staff {rElec rF++ rC++ AC+5}
  8040 | D:7      | Found a staircase to the Ecumenical Temple.
  8111 | D:8      | Lost mutation: Your body sometimes deteriorates upon taking
                  | damage. [potion of mutation]
  8111 | D:8      | Lost mutation: Your muscles are strong. (Str +2) [potion of
                  | mutation]
  8111 | D:8      | Gained mutation: Your mind is acute. (Int +2) [potion of
                  | mutation]
  8111 | D:8      | Gained mutation: Your movements are slightly less
                  | encumbered by armour. (ER -2) [potion of mutation]
  8144 | D:8      | Noticed a boulder beetle
  8196 | D:8      | Slain by a boulder beetle

Illustrated notes

Levels and vault maps discovered:
D:1:      dpeg_arrival_round_b, layout_basic
D:2:      layout_loops_ring, kennysheep_small_spiral
D:3:      layout_basic, eat_drink_and_be_merry_uskayaw, elyvilon_altar_4,
          portal_sewer_entry_b, chequers_ecumenical_altar_simple,
          minmay_close_crescents, uniq_crazy_yiuf_cottage
D:4:      layout_loops_ring, grunt_temple_overflow_holy_war,
          grunt_ashenzari_visionary [grunt_ashenzari_visionary_swamp,
          grunt_ashenzari_visionary_snake], mainiacjoe_overflow_tiny_flanked
D:5:      layout_basic, nzn_wu_jian_contemplation, led_sif_book
D:6:      layout_basic, chei_slow_surprise,
          grunt_temple_overflow_champion_of_chaos, serial_shops,
          nicolae_shop_statue_plus, hex_intersection, uniq_blork_the_orc,
          uniq_eustachio
D:7:      layout_basic, minmay_temple_entry_poolview, enter_bailey_3,
          enter_ossuary_1, minivault_23, uniq_menkaure
D:8:      layout_basic, minmay_misc_feat_rows

Skill      XL: |  1  2  3  4  5  6  7  8  9 10 |
---------------+-------------------------------+-----
Axes           | 2 3 4 5 6 7 8 9 |  9.6
Armour         | 4 5 6 7 |  7.5
Fighting       | 4 5 6 7 |  7.0
Shields        | 4 5 6 |  6.6
Evocations     | 2 4 |  4.9
Dodging        | |  0.2

Action                   |  1- 3 |  4- 6 |  7- 9 | 10-12 || total
-------------------------+-------+-------+-------+-------++-------
Melee: War axe           |   113 |   110 |   466 |   114 ||   803
Evoke: Lightning rod     |       |       |       |     4 ||     4
  Use: Scroll            |     6 |       |     9 |     3 ||    18
       Potion            |       |     1 |     1 |    11 ||    13
Armor: Scale mail        |    94 |   133 |   119 |       ||   346
       Chain mail        |       |       |   183 |     9 ||   192
       Ring mail         |       |       |    16 |       ||    16
       Plate armour      |       |       |       |    48 ||    48
Dodge: Dodged            |    85 |    76 |   179 |    53 ||   393
Block: Buckler           |    38 |    41 |   121 |    22 ||   222

Table legend: (Time is in decaauts)
 A = Elapsed time spent in this place.
 B = Non-inter-level travel time spent in this place.
 C = Inter-level travel time spent in this place.
 D = Time resting spent in this place.
 E = Time spent auto-exploring this place.
 F = Levels seen in this place.
 G = Mean time per level.
                   A        B        C        D        E       F      G
               +--------+--------+--------+--------+--------+-----+--------+
         Total |   8374 |   8179 |    195 |   1157 |   4843 |  11 |  761.3 |
       Dungeon |   7013 |   6818 |    195 |    752 |   4594 |   8 |  876.6 |
         Sewer |    581 |    581 |      0 |    219 |    123 |   1 |  581.0 |
       Ossuary |    197 |    197 |      0 |      0 |    103 |   1 |  197.0 |
        Bailey |    581 |    581 |      0 |    186 |     22 |   1 |  581.0 |
               +--------+--------+--------+--------+--------+-----+--------+

Top non-repeatable levels by time:
     D:1: 1190 daAuts
     D:3: 1135 daAuts
     D:2: 1074 daAuts
     D:6: 977 daAuts
     D:4: 941 daAuts
     D:5: 809 daAuts
     D:7: 794 daAuts
  Bailey: 581 daAuts
   Sewer: 581 daAuts
 Ossuary: 197 daAuts
     D:8: 90 daAuts
